 Dungeon Crawl Stone Soup version 0.27-a0-34-gc18c9092ac (webtiles) character file.

Game seed: 15648449058776091289

36570 sahdkjhfkaj the Nimble (level 13, -2/74 HPs)
             Began as a Tengu Conjurer on Jan 4, 2021.
             Was a High Priest of Cheibriados.
             Slain by a fire crab (15 damage)
             ... on level 6 of the Lair of Beasts.
             The game lasted 00:38:20 (26754 turns).

sahdkjhfkaj the Nimble (Tengu Conjurer)            Turns: 26754, Time: 00:38:21

Health: -2/74      AC: 11    Str: 20    XL:     13   Next: 91%
Magic:  10/30      EV: 28    Int: 36    God:    Cheibriados [*****.]
Gold:   826        SH:  0    Dex: 24    Spells: 6/22 levels left

rFire    + + .     SeeInvis .   a - +3 Elemental Staff {rElec rF++ rC++ Will++ AC+5}
rCold    + + +     Faith    .   (no shield)
rNeg     + . .     Spirit   .   l - +2 robe {rC+}
rPois    .         Reflect  .   (helmet restricted)
rElec    +         Harm     .   y - +1 cloak of Tips {rN+}
rCorr    .         Rampage  .   (no gloves)
Will     ++...                  (boots unavailable)
Stlth    +++.......             h - amulet of magic regeneration
HPRegen  0.22/turn              s - ring of wizardry
MPRegen  0.47/turn              i - ring of magical power

@: flying quickly and evasively, very slow
A: beak, talons 3, able to fly
a: Stop Flying, Renounce Religion, Bend Time, Temporal Distortion, Slouch, Step
From Time


You were on level 6 of the Lair of Beasts.
You worshipped Cheibriados.
Cheibriados was extremely pleased with you.
You visited 3 branches of the dungeon, and saw 18 of its levels.

You collected 1187 gold pieces.
You spent 361 gold pieces at shops.

Inventory:

Hand Weapons
 a - the +3 Elemental Staff (weapon) {rElec rF++ rC++ Will++ AC+5}
   (You found it on level 7 of the Dungeon)

   It affects your AC (+5).
   It greatly protects you from fire.
   It greatly protects you from cold.
   It insulates you from electricity.
   It affects your willpower, your defense against some magical effects.
 b - the +11 hand crossbow of Cowardice {venom, Dex+2}
   (You found it on level 3 of the Lair of Beasts)

   It poisons the ammo it fires.
   It affects your dexterity (+2).
Missiles
 L - 71 bolts
Armour
 l - a +2 robe of cold resistance (worn)
 y - the +1 cloak of Tips (worn) {rN+}
   (You bought it in a shop on level 11 of the Dungeon)

   It protects you from negative energy.
Jewellery
 h - an amulet of magic regeneration (around neck)
 i - a ring of magical power (right hand)
 s - a ring of wizardry (left hand)
 H - a +4 ring of evasion {unknown}
 J - an uncursed ring of ice {unknown}
Wands
 e - a wand of paralysis (5)
 k - a wand of disintegration (14)
 B - a wand of acid (24)
 K - a wand of flame (15)
Scrolls
 c - 6 scrolls of teleportation {!r}
 n - 3 scrolls of amnesia
 p - 5 scrolls of noise
 r - 6 scrolls of enchant weapon
 t - 8 scrolls of enchant armour
 u - a scroll of vulnerability
 w - 4 scrolls of magic mapping
 z - 2 scrolls of fear
 C - a scroll of immolation
 E - a scroll of fog
 G - a scroll of brand weapon
 I - a scroll of holy word {!r}
 M - 12 scrolls of remove curse
Potions
 g - 2 potions of mutation
 j - a potion of flight {unknown}
 m - 6 potions of haste
 o - 2 potions of magic
 q - 3 potions of brilliance
 v - 2 potions of invisibility
 x - 2 potions of attraction {unknown}
 A - a potion of berserk rage {unknown}
 D - 2 potions of ambrosia
 F - 4 potions of lignification


   Skills:
 - Level 6.0 Fighting
 + Level 11.7 Dodging
 - Level 2.0 Stealth
 - Level 10.0 Unarmed Combat
 - Level 5.1 Spellcasting
 - Level 8.7 Conjurations
 - Level 3.2 Hexes
 - Level 10.0 Transmutations
 - Level 3.0 Fire Magic
 - Level 2.0 Air Magic
 - Level 2.0 Poison Magic
 - Level 8.0 Invocations
 - Level 5.0 Evocations


You had 6 spell levels left.
You knew the following spells:

 Your Spells              Type           Power        Failure   Level
a - Magic Dart            Conj           100%         1%          1
b - Searing Ray           Conj           100%         1%          2
c - Iskenderun's Mystic   Conj/Tloc      40%          2%          4
e - Fulminant Prism       Conj/Hex       25%          1%          4
R - Borgnjor's Vile Clut  Necr/Erth      6%           38%         5

Your spell library contained the following spells:

 Spells                   Type           Power        Failure   Level
 Freeze                   Ice            52%          1%          1
 Sandblast                Erth           26%          1%          1
 Passwall                 Tmut/Erth      50%          1%          2
 Dazzling Flash           Conj/Hex       100%         1%          3
 Yara's Violent Unravell  Hex/Tmut       27%          2%          5
 Cause Fear               Hex            16%          4%          4
 Bolt of Magma            Conj/Fire/Erth 35%          9%          5
 Silence                  Hex/Air        20%          16%         5
 Freezing Cloud           Conj/Ice/Air   34%          45%         6
 Discord                  Hex            16%          100%        8


Dungeon Overview and Level Annotations

Branches:
Dungeon (11/15)            Temple (1/1) D:5            Lair (6/6) D:11
  Swamp (0/4) Lair:4       Spider (0/4) Lair:3        Slime (0/5) Lair:5
    Orc: D:9-12

Altars:
Ashenzari
Cheibriados
Dithmenos
Elyvilon
Fedhas
Gozag
Hepliaklqana
Kikubaaqudgha
Makhleb
Nemelex Xobeh
Okawaru
Qazlal
Ru
Sif Muna
Trog
Uskayaw
Vehumet
Wu Jian
Xom
Yredelemnul
Zin
The Shining One
Jiyva

Shops:
D:11 (([

Portals:
Trove: D:11 (show slimy rune of Zot)

Annotations:
D:5 slime creature, Copingsaw's ghost, novice OpTm


Innate Abilities, Weirdness & Mutations

You have a beak for a mouth.
You have claws for feet.
You can fly continuously.


Message History

You feel sick. The fire crab breathes flames at you.
The blast of flame engulfs you but does no damage.
Unknown command.
You feel better.
You are engulfed in blazing flames.
You resist.
* * * LOW HITPOINT WARNING * * *
Unknown command.
Casting: Searing Ray (safe; 1% risk of failure)
Confirm with . or Enter, or press ? or * to list all spells.
Aiming: Searing Ray (safe; 1% risk of failure)
Press: ? - help, Shift-Dir - straight line, f/p - fire crab
Aim: a fire crab (flame, severely wounded, 8% to evade)
The searing ray hits the fire crab.
The fire crab is severely wounded. (Press . to maintain the ray.)
You are engulfed in blazing flames.
You resist.
* * * LOW HITPOINT WARNING * * *
A nearby fungus withers and dies.
The fire crab misses you. The fire crab claws you!
You die...

#### ###..##
###..†.P#
###.......##
#........P.#
#........P.####
###...@.......##
.$###..t.......#
#...###.†.....####
#....###........##
#.....#†....(.#.#
##......#.....†##
##......#.....#
##..Ps###...P##
##....#....P.# ###


You could see a fire crab.

Vanquished Creatures
  Josephine (D:10)
  Erolcha (D:9)
  3 hydras
  Erica (D:8)
  4 death yaks
  A deep elf knight (D:7)
  A bog body (Lair:4)
  A deep elf mage (D:11)
  A manticore (D:11)
  An ugly thing (D:7)
  Maurice (D:10)
  6 elephants
  4 black mambas
  A gargoyle (D:10)
  10 cane toads
  3 rime drakes
  6 komodo dragons
  2 polar bears
  A troll (D:10)
  2 hornets
  2 slime creatures
  8 blink frogs
  8 wyverns
  31 yaks
  A redback (Lair:6)
  A tarantella (Lair:3)
  3 wraiths (D:10)
  Grum (D:8)
  3 basilisks
  A swamp worm (Lair:4)
  Menkaure (D:7)
  An acid dragon (D:7)
  4 orc warriors
  13 water moccasins
  3 black bears
  An eye of draining (D:8)
  5 ice beasts
  2 phantoms
  2 sky beasts
  4 ogres
  2 centaurs
  A necrophage (D:7)
  13 wolves
  13 bullfrogs
  6 big kobolds
  A water moccasin skeleton (D:6)
  A wyvern skeleton (D:8)
  4 scorpions
  4 killer bees (D:11)
  13 wights
  An electric eel (Lair:4)
  7 howler monkeys
  A quasit (D:8)
  2 centaur zombies
  2 orc priests
  A gnoll shaman (D:6)
  3 hounds
  10 jellies
  4 orc wizards
  Jessica (D:3)
  2 bullfrog skeletons (D:4)
  A centaur skeleton (D:8)
  2 iguanas
  6 worker ants
  2 hound skeletons
  A worker ant zombie (D:5)
  Robin (D:3)
  12 gnolls
  A howler monkey skeleton (D:7)
  12 adders
  3 shadow imps
  3 white imps
  6 ufetubi
  6 oozes
  2 adder skeletons
  A worm (D:4)
  6 dart slugs
  5 leopard geckos
  24 orcs
  A ball python (D:4)
  6 giant cockroaches
  12 goblins
  12 hobgoblins
  13 jackals
  4 quokkas
  9 bats
  2 frilled lizards
  25 kobolds
  10 rats
426 creatures vanquished.

Vanquished Creatures (others)
  An orc wizard (D:9)
  28 fulminant prisms
  35 fungi
  30 plants
  9 toadstools (D:6)
103 creatures vanquished.

Grand Total: 529 creatures vanquished

Notes
Turn   | Place    | Note
-------+----------+-------------------------------------------
     0 | D:1      | sahdkjhfkaj the Tengu Conjurer began the quest for the Orb.
     0 | D:1      | Reached XP level 1. HP: 10/10 MP: 4/4
   159 | D:1      | Reached XP level 2. HP: 11/15 MP: 0/6
   230 | D:1      | Learned a level 2 spell: Searing Ray
   465 | D:1      | Reached XP level 3. HP: 19/19 MP: 1/7
  1348 | D:2      | Reached XP level 4. HP: 24/24 MP: 5/8
  1353 | D:2      | Learned a level 4 spell: Iskenderun's Mystic Blast
  2177 | D:3      | Noticed an ice beast
  2184 | D:3      | Killed an ice beast
  2185 | D:3      | Gained mutation: You can fly continuously. [Tengu growth]
  2185 | D:3      | Reached XP level 5. HP: 14/28 MP: 2/12
  2468 | D:3      | Noticed Jessica
  2472 | D:3      | Killed Jessica
  2595 | D:3      | Reached XP level 6. HP: 32/32 MP: 10/13
  2769 | D:3      | Reached skill level 5 in Spellcasting
  2771 | D:3      | Reached skill level 1 in Evocations
  3111 | D:3      | Reached XP level 7. HP: 22/36 MP: 5/15
  3265 | D:3      | Found a glowing silver altar of Zin.
  3265 | D:3      | Identified the +1 helmet of Pusinyox {Harm SInv}
  3265 | D:3      | Noticed Robin
  3274 | D:3      | Killed Robin
  3866 | D:3      | Found a burning altar of Makhleb.
  4029 | D:3      | Found a bloodstained altar of Trog.
  4286 | D:4      | Learned a level 4 spell: Fulminant Prism
  4849 | D:4      | Reached skill level 1 in Invocations
  5129 | D:4      | Found a sacrificial altar of Ru.
  5262 | D:5      | Entered Level 5 of the Dungeon
  5341 | D:5      | Reached skill level 3 in Dodging
  5500 | D:5      | Reached XP level 8. HP: 41/41 MP: 9/16
  5548 | D:5      | Found a staircase to the Ecumenical Temple.
  5574 | Temple   | Entered the Ecumenical Temple
  6159 | D:5      | Found a runed translucent door.
  6244 | D:5      | Noticed a five-headed hydra
  6244 | D:5      | Noticed Copingsaw's ghost (novice OpTm)
  6364 | D:6      | Reached skill level 5 in Evocations
  6933 | D:6      | Reached skill level 4 in Dodging
  6936 | D:6      | Reached skill level 5 in Dodging
  7114 | D:6      | Reached skill level 1 in Transmutations
  7335 | D:6      | Reached XP level 9. HP: 41/45 MP: 5/17
  8616 | D:7      | Noticed Menkaure
  8622 | D:7      | Killed Menkaure
  8935 | D:7      | Reached skill level 5 in Transmutations
  8947 | D:7      | Reached skill level 1 in Fighting
  9474 | D:7      | Got a masterwork flail
  9474 | D:7      | Identified the +5 flail of Gewaukh {vorpal, *Slow Int+6}
                  | (You found it on level 7 of the Dungeon)
  9754 | D:7      | Noticed a deep elf knight
  9755 | D:7      | Found the +3 Elemental Staff {rElec rF++ rC++ Will++ AC+5}
  9756 | D:7      | Noticed a white ugly thing
  9878 | D:7      | Reached skill level 5 in Invocations
 10009 | D:6      | Reached XP level 10. HP: 30/53 MP: 4/18
 10120 | D:7      | Killed a deep elf knight
 10313 | D:7      | Killed a white ugly thing
 10439 | D:7      | Identified the +6 battleaxe "Bocei" {vorpal, rElec rF+
                  | Dex+5 Stlth-}
 10483 | D:7      | Got a transparent glass ring
 10484 | D:7      | Identified the Catalogue of the Icy Mountains
 10981 | D:7      | Found a broken altar of Ashenzari.
 10981 | D:7      | Found a snail-covered altar of Cheibriados.
 10984 | D:7      | Found a hide-covered altar of Uskayaw.
 11224 | D:7      | Became a worshipper of Cheibriados the Contemplative
 11318 | D:8      | Learned a level 5 spell: Borgnjor's Vile Clutch
 11327 | D:8      | Noticed Grum
 11436 | D:8      | Identified the ring "Hecerughus" {Ice Str+2} (You found it
                  | on level 7 of the Dungeon)
 11568 | D:8      | Reached skill level 5 in Fighting
 11587 | D:8      | Noticed Erica
 11594 | D:8      | Killed Erica
 11925 | D:8      | You are sucked into a shaft and drop 2 floors!
 11925 | D:10     | Entered Level 10 of the Dungeon
 11957 | D:10     | Noticed Maurice
 11968 | D:10     | Killed Maurice
 11968 | D:10     | Reached * piety under Cheibriados
 11969 | D:10     | Reached XP level 11. HP: 63/63 MP: 8/19
 12151 | D:10     | Noticed Josephine
 12549 | D:9      | Found an ornate altar of the Wu Jian Council.
 12552 | D:9      | Found a radiant altar of Vehumet.
 12555 | D:9      | Found a white marble altar of Elyvilon.
 12832 | D:9      | Noticed Erolcha
 12848 | D:9      | Killed Erolcha
 13176 | D:8      | Killed Grum
 13922 | D:10     | Reached ** piety under Cheibriados
 14168 | D:10     | Killed Josephine
 14169 | D:10     | Reached skill level 1 in Hexes
 14982 | D:11     | Noticed a manticore
 15238 | D:10     | Upgraded the game from 0.27-a0-29-g2d0a2396b0 to
                  | 0.27-a0-34-gc18c9092ac
 15255 | D:11     | Killed a manticore
 15520 | D:11     | Found Ahucutt's Antique Armour Emporium.
 15528 | D:11     | Bought a glimmering cloak for 361 gold pieces
 15538 | D:11     | Identified the +1 cloak of Tips {rN+} (You bought it in a
                  | shop on level 11 of the Dungeon)
 15547 | D:11     | Found a portal to a secret trove of treasure.
 15716 | D:11     | Reached skill level 6 in Dodging
 15894 | D:11     | Found Iwkix's Weapon Shop.
 15895 | D:11     | Found a staircase to the Lair.
 15902 | D:11     | Reached *** piety under Cheibriados
 15979 | D:11     | Noticed a deep elf mage
 15986 | D:11     | Killed a deep elf mage
 15987 | D:11     | Reached skill level 7 in Dodging
 16226 | D:11     | Found Umueboxu's Antique Weapon Shop.
 16247 | D:11     | Noticed a five-headed hydra
 16255 | D:11     | Killed a five-headed hydra
 16256 | D:11     | Reached XP level 12. HP: 68/68 MP: 9/20
 16364 | Lair:1   | Entered Level 1 of the Lair of Beasts
 17137 | Lair:1   | Reached skill level 10 in Transmutations
 17860 | Lair:2   | Reached skill level 1 in Unarmed Combat
 17993 | Lair:2   | Reached **** piety under Cheibriados
 18340 | Lair:2   | Reached skill level 5 in Unarmed Combat
 19199 | Lair:3   | Found a hole to the Spider Nest.
 19445 | Lair:3   | Got a jewelled hand crossbow
 19445 | Lair:3   | Identified the +11 hand crossbow of Cowardice {venom,
                  | Dex+2} (You found it on level 3 of the Lair of Beasts)
 21022 | Lair:3   | Reached skill level 8 in Dodging
 21292 | Lair:3   | Reached XP level 13. HP: 37/72 MP: 5/21
 21299 | Lair:3   | Reached skill level 9 in Dodging
 22625 | Lair:2   | Reached skill level 10 in Dodging
 23145 | Lair:3   | Found a hole to the Spider Nest.
 23725 | Lair:3   | Found a hole to the Spider Nest.
 24792 | Lair:4   | Found a staircase to the Swamp.
 24970 | Lair:4   | Reached skill level 10 in Unarmed Combat
 24970 | Lair:4   | Reached skill level 1 in Air Magic
 25242 | Lair:5   | Reached ***** piety under Cheibriados
 25287 | Lair:5   | Reached skill level 1 in Poison Magic
 26100 | Lair:5   | Found a viscous altar of Jiyva.
 26101 | Lair:5   | Found a staircase to the Slime Pits.
 26158 | Lair:5   | Reached skill level 11 in Dodging
 26345 | Lair:6   | Entered Level 6 of the Lair of Beasts
 26754 | Lair:6   | Slain by a fire crab

Illustrated notes

Levels and vault maps discovered:
D:1:      dpeg_arrival_subterranean_lakeside_camping, layout_rooms
D:2:      layout_loops_cross
D:3:      cheibrodos_thug_alley, layout_loops_ring, lemuel_doored_altar,
          nicolae_overflow_hidden_temple, lightli_temple_of_fire, uniq_robin,
          uniq_jessica
D:4:      layout_basic, nicolae_ru_great_annihilating_truth,
          minmay_fountain_box, minmay_fractal_squares_5
D:5:      layout_cave_pools, minmay_temple_entry_trees,
          ebering_ghost_inner_flame
D:6:      cheibrodos_fertilizer, layout_basic
D:7:      minmay_the_grid_plus_closed [minmay_the_grid_rooms,
          minmay_the_grid_medium_cups, minmay_the_grid_dragon_a,
          minmay_the_grid_doors, minmay_the_grid_prize_diamond_cup],
          layout_cave_pods, minitemple, uniq_menkaure
D:8:      layout_rooms, uniq_erica, uniq_grum
D:9:      layout_rooms, grunt_temple_overflow_diamond, uniq_erolcha
D:10:     layout_stronghold, enter_bailey_6, minivault_26, uniq_maurice,
          uniq_josephine
D:11:     layout_irregular_city, lair_entry_dummy, serial_shops, shop, shop,
          nicolae_shop_stone, nicolae_trove_entry_crossroad,
          kennysheep_generic_room_12
Temple:   minmay_temple_bridge_abc
Lair:1:   layout_cave_pods
Lair:2:   layout_gridlike
Lair:3:   layout_big_grid, spider_nest_entry_rubble, minivault_26
Lair:4:   layout_big_grid, nicolae_swamp_entry_splash_gauntlet,
          grunt_megastairs_2
Lair:5:   layout_long_grid, slime_altar_1
Lair:6:   hangedman_lair_tendril_chambers, layout_cellular_growth,
          lemuel_fruit_tree, uniq_rupert

Skill      XL: |  1  2  3  4  5  6  7  8  9 10 11 12 13 |
---------------+----------------------------------------+-----
Conjurations   | 6 7 8 |  8.7
Spellcasting   | 4 5 |  5.1
Evocations     | 3 4 5 |  5.0
Invocations    | 1 4 5 7 8 |  8.0
Dodging        | 3 5 7 8 11 | 11.7
Transmutations | 1 6 7 9 10 | 10.0
Fire Magic     | 2 3 |  3.0
Fighting       | 2 5 6 |  6.0
Hexes          | 2 3 |  3.2
Unarmed Combat | 8 10 | 10.0
Air Magic      | 2 |  2.0
Poison Magic   | 2 |  2.0
Stealth        | |  2.0

Action                   |  1- 3 |  4- 6 |  7- 9 | 10-12 | 13-15 || total
-------------------------+-------+-------+-------+-------+-------++-------
Melee: Kick              |     4 |     1 |     7 |    20 |       ||    32
       Unarmed           |     1 |       |       |       |       ||     1
       Dagger            |    16 |    11 |    13 |       |       ||    40
       Peck              |     1 |       |     1 |    10 |       ||    12
       Flail             |       |       |     8 |     2 |       ||    10
       Staff             |       |       |       |    60 |       ||    60
       Punch             |       |       |       |     2 |       ||     2
 Fire: Hand crossbow     |       |       |       |    10 |     3 ||    13
 Cast: Magic Dart        |    59 |    74 |   319 |   277 |    63 ||   792
       Searing Ray       |     1 |    10 |    50 |   116 |    75 ||   252
       Iskenderun's Myst |       |       |     4 |    28 |    17 ||    49
       Fulminant Prism   |       |       |       |    17 |    11 ||    28
       Borgnjor's Vile C |       |       |       |       |     1 ||     1
Invok: Slouch            |       |       |       |       |     1 ||     1
 Abil: Fly               |       |     1 |       |       |       ||     1
Evoke: Wand              |       |       |       |     3 |       ||     3
  Use: Scroll            |     5 |       |     5 |    15 |     7 ||    32
       Potion            |       |       |     3 |     8 |     3 ||    14
Armor: Robe              |     5 |     2 |    13 |    75 |    12 ||   107
Dodge: Dodged            |    13 |    30 |   125 |   368 |   193 ||   729

Table legend: (Time is in decaauts)
 A = Elapsed time spent in this place.
 B = Non-inter-level travel time spent in this place.
 C = Inter-level travel time spent in this place.
 D = Time resting spent in this place.
 E = Time spent auto-exploring this place.
 F = Levels seen in this place.
 G = Mean time per level.
                   A        B        C        D        E       F      G
               +--------+--------+--------+--------+--------+-----+--------+
         Total |  30291 |  28563 |   1728 |   5039 |  20376 |  18 | 1682.8 |
       Dungeon |  17469 |  16234 |   1235 |   2581 |  11562 |  11 | 1588.1 |
        Temple |    156 |    146 |     10 |      0 |    139 |   1 |  156.0 |
          Lair |  12665 |  12182 |    483 |   2458 |   8674 |   6 | 2110.8 |
               +--------+--------+--------+--------+--------+-----+--------+

Top non-repeatable levels by time:
  Lair:3: 5042 daAuts
  Lair:2: 2800 daAuts
     D:7: 2455 daAuts
     D:6: 2253 daAuts
    D:10: 2042 daAuts
     D:3: 1941 daAuts
  Lair:5: 1742 daAuts
  Lair:1: 1598 daAuts
    D:11: 1499 daAuts
     D:9: 1384 daAuts
     D:8: 1274 daAuts
  Lair:4: 1265 daAuts
     D:5: 1225 daAuts
     D:1: 1221 daAuts
     D:4: 1202 daAuts
